 Dungeon Crawl Stone Soup version 0.28.0-47-ge53b351184 (webtiles) character file.

Game seed: 14283295172704019745

53799 RatsInWalls the Basher (level 14, 150/150 HPs)
             Began as a Troll Fighter on Apr 1, 2022.
             Was the Champion of Cheibriados.
             Quit the game on level 6 of the Lair of Beasts on May 7, 2022.
             The game lasted 00:48:25 (15796 turns).

RatsInWalls the Basher (Troll Fighter)             Turns: 15796, Time: 00:48:26

Health: 150/150    AC: 14    Str: 46    XL:     14   Next: 32%
Magic:  24/24      EV: 17    Int: 19    God:    Cheibriados [******]
Gold:   897        SH:  0    Dex: 24    Spells: 13/13 levels left

rFire   . . .      SeeInvis .   A - +0 giant club
rCold   + . .      Faith    .   (shield currently unavailable)
rNeg    . . .      Spirit   +   a - +4 moon troll leather armour {Spirit, Regen++ MP+5}
rPois   .          Reflect  .   (helmet restricted)
rElec   .          Harm     .   m - +2 cloak {rC+}
rCorr   +          Rampage  .   (gloves unavailable)
Will    +....                   (boots unavailable)
Stlth   ++........              (no amulet)
HPRegen 2.75/turn               K - ring of resist corrosion
MPRegen 0.19/turn               t - +4 ring of evasion

@: very slow
A: large, unfitting armour, claws 3, regeneration 1, shaggy fur 1, tough skin 1
a: Renounce Religion, Bend Time, Temporal Distortion, Slouch, Step From Time


You were on level 6 of the Lair of Beasts.
You worshipped Cheibriados.
Cheibriados was exalted by your worship.
You visited 3 branches of the dungeon, and saw 17 of its levels.
You also visited: Sewer and Ossuary.

You collected 897 gold pieces.

Inventory:

Hand Weapons
 o - a +0 great mace
 A - a +0 giant club (weapon)
Missiles
 w - 39 poisoned darts (quivered)
 x - 7 javelins
 G - 2 throwing nets
Armour
 a - the +4 moon troll leather armour (worn) {Spirit, Regen++ MP+5}
   (You found it on level 3 of the Lair of Beasts)

   MP:        It affects your magic capacity (+5).
   Regen:     It increases your rate of health regeneration.
 b - a +0 robe of willpower
 m - a +2 cloak of cold resistance (worn)
Jewellery
 t - a +4 ring of evasion (right claw)
 u - the ring "Addoil" {Fly rPois rC- Will+ rCorr}
   (You found it on level 6 of the Dungeon)

   [ring of flight]

   rC:        It makes you vulnerable to cold.
   rPois:     It protects you from poison.
   Fly:       It grants you flight.
   rCorr:     It protects you from acid and corrosion.
   Will:      It increases your willpower.
 J - the ring "Uhin" {Contam rElec rPois Int+6}
   (You found it on level 6 of the Lair of Beasts)

   [ring of intelligence]

   Int:       It affects your intelligence (+6).
   rElec:     It insulates you from electricity.
   rPois:     It protects you from poison.
   Contam:    It causes magical contamination when unequipped.
 K - a ring of resist corrosion (left claw)
 L - the ring of Mannugg {Fire rN+ Int+6 Dex-3}
   (You found it on level 6 of the Lair of Beasts)

   [ring of fire]

   It enhances your fire magic.
   Int:       It affects your intelligence (+6).
   Dex:       It affects your dexterity (-3).
   rF:        It protects you from fire.
   rC:        It makes you vulnerable to cold.
   rN:        It protects you from negative energy.
Wands
 p - a wand of paralysis (5)
 y - a wand of flame (18)
 I - a wand of polymorph (11)
Scrolls
 c - 3 scrolls of amnesia
 f - 5 scrolls of magic mapping
 g - 4 scrolls of enchant weapon
 i - 2 scrolls of fog
 k - 13 scrolls of teleportation
 n - a scroll of enchant armour
 z - 4 scrolls of fear
 D - 3 scrolls of blinking
Potions
 d - 3 potions of might
 e - 2 potions of invisibility {unknown}
 h - 3 potions of magic
 j - a potion of ambrosia
 l - 4 potions of curing
 q - 2 potions of cancellation
 r - 2 potions of brilliance
 s - a potion of lignification
 v - 4 potions of mutation
 B - 3 potions of flight
 C - a potion of berserk rage
 E - a potion of heal wounds
 F - 4 potions of attraction
 H - 2 potions of resistance
Miscellaneous
 M - a phial of floods


   Skills:
 * Level 12.9 Fighting
 * Level 13.9 Maces & Flails
 + Level 7.5 Armour
 + Level 5.4 Dodging
 - Level 2.4 Shields
 + Level 8.9 Invocations


You had 13 spell levels left.
You didn't know any spells.
Your spell library contained the following spells:

 Spells                   Type           Power      Damage    Failure   Level
 Animate Skeleton         Necr           0%         N/A       22%         1
 Apportation              Tloc           0%         N/A       22%         1
 Pain                     Necr           0%         1d4       22%         1
 Sublimation of Blood     Necr           0%         N/A       32%         2
 Frozen Ramparts          Ice            0%         1d2       54%         3
 Gell's Gravitas          Tloc           0%         N/A       54%         3
 Ozocubu's Armour         Ice            0%         N/A       54%         3
 Teleport Other           Tloc           0%         N/A       54%         3
 Vampiric Draining        Necr           0%         2d6       54%         3
 Animate Dead             Necr           0%         N/A       91%         4
 Hailstorm                Conj/Ice       0%         3d3       91%         4
 Ice Form                 Ice/Tmut       0%         N/A       91%         4
 Petrify                  Tmut/Erth      0%         N/A       91%         4
 Summon Ice Beast         Ice/Summ       0%         N/A       91%         4
 Alistair's Intoxication  Tmut/Pois      0%         N/A       99%         5
 Borgnjor's Vile Clutch   Necr/Erth      0%         N/A       99%         5
 Irradiate                Conj/Tmut      0%         3d13      99%         5
 Metabolic Englaciation   Hex/Ice        0%         N/A       99%         5
 Summon Forest            Summ/Tloc      0%         N/A       99%         5
 Summon Mana Viper        Hex/Summ       0%         N/A       99%         5
 Dispersal                Tloc           0%         N/A       100%        6
 Eringya's Noxious Bog    Tmut/Pois      0%         N/A       100%        6
 Simulacrum               Ice/Necr       0%         N/A       100%        6
 Summon Cactus Giant      Summ           0%         N/A       100%        6
 Haunt                    Necr/Summ      0%         N/A       100%        7
 Infestation              Necr           0%         N/A       100%        8


Dungeon Overview and Level Annotations

Branches:
Dungeon (10/15)            Temple (1/1) D:4            Lair (6/6) D:10
  Swamp (0/4) Lair:4       Spider (0/4) Lair:2        Sewer (visited)
Ossuary (visited)
  Slime: Lair:5-6       Orc: D:9-12

Altars:
Ashenzari
Cheibriados
Dithmenos
Elyvilon
Fedhas
Gozag
Hepliaklqana
Kikubaaqudgha
Makhleb
Nemelex Xobeh
Okawaru
Qazlal
Ru
Sif Muna
Trog
Uskayaw
Vehumet
Wu Jian
Xom
Yredelemnul
Zin
The Shining One
Jiyva

Shops:
D:8 [

Annotations:
D:7 3 runed translucent doors, FallenXxXSky's ghost, novice DsDe; reversiblehash's ghost, novice GnFi
D:8 3 runed translucent doors, silky's ghost, novice MiFi
D:10 3 runed translucent doors, smarlow's ghost, journeyman DjCj
Lair:6 exclusion: oklob plant


Innate Abilities, Weirdness & Mutations

You are too large for most types of armour.
You have claws for hands.
Your natural rate of healing is unusually fast.
You are covered in fur. (AC +1)
You have tough skin. (AC +1)


Message History

Cheibriados thoroughly appreciates the change of pace.
The steam dragon scales are intact enough to wear.
You are engulfed in a cloud of scalding steam.
The steam dragon misses you. The steam dragon completely misses you.
You sock the steam dragon!
The steam dragon is moderately wounded.
You are engulfed in a cloud of scalding steam.
The steam dragon bites you. The steam dragon barely misses you.
You pound the steam dragon like an anvil!!!
You kill the steam dragon!
Cheibriados thoroughly appreciates the change of pace.
You are engulfed in a cloud of scalding steam.
No target in view!
No target in view!
Things that are here:
+0 steam dragon scales; a steam dragon corpse
Found a stone staircase leading up.
You enter the shallow water.
Moving in this stuff is going to be slow.
You enter the shallow water.
Moving in this stuff is going to be slow.
You enter the shallow water.
Moving in this stuff is going to be slow.
You enter the shallow water.
Moving in this stuff is going to be slow.
You enter the shallow water.
Moving in this stuff is going to be slow.
There is a stone staircase leading up here.
There is a stone staircase leading up here.
There is a stone staircase leading up here.
Partly explored, can't reach some places.
Partly explored, can't reach some places.
There is a stone staircase leading up here.
There is a stone staircase leading up here.
Save game and exit?
Level annotation: exclusion: oklob plant Welcome back, RatsInWalls the Troll Fighter.
Cheibriados says: Take it easy.
Press ? for a list of commands and other information.
Are you sure you want to abandon this character and quit the game? (Confirm with "yes".)

## ### ##. #.## #### #..
####..##### ###..## #..
###.#.##....###P....## ##.
###....#..P..##........## #####..
#.P....PPPP.............# #.#P...
........P.P............P###......
................@................
..P.............#................
#......P........#................
.....P.PPP...........#..........#
..#.....PP............P..#.....##
#.......P...................#.#.#
........#P..............#.##...##
...........##........P##.###...#
....P.......##.......P#####...##


There were no monsters in sight!

Vanquished Creatures
  9 hydras
  A boulder beetle (Lair:4)
  A merfolk avatar (Lair:6)
  13 death yaks
  Urug (D:10)
  2 fire crabs
  A bog body (Lair:2)
  A lindwurm (Lair:4)
  2 harpies (Lair:6)
  A manticore (D:10)
  8 black mambas
  7 elephants
  An ice statue (Lair:3)
  Maurice (D:8)
  A torpor snail (Lair:3)
  Maggie (D:7)
  12 cane toads
  Psyche (D:8)
  4 rime drakes
  2 kobold demonologists (D:9)
  10 komodo dragons
  2 ice devils (Lair:3)
  3 hornets
  6 polar bears
  A snapping turtle (Lair:6)
  Prince Ribbit (D:9)
  11 blink frogs
  7 dream sheep (Lair:4)
  A shadow (D:10)
  A wraith (D:9)
  27 yaks
  4 wyverns
  Sigmund (D:6)
  6 spriggans (Lair:2)
  2 basilisks
  3 steam dragons
  2 redbacks (Lair:2)
  Menkaure (D:7)
  A harpy simulacrum (Lair:3)
  18 water moccasins
  2 acid dragons
  2 black bears
  A sky beast (D:7)
  3 ice beasts
  2 orc warriors
  4 necrophages
  18 wolves
  A hornet zombie (D:8)
  2 centaurs
  2 ogres (D:6)
  2 phantoms
  10 bullfrogs
  A kobold brigand (D:9)
  2 elf skeletons (D:4)
  4 scorpions
  A wyvern zombie (D:7)
  A two-headed ogre simulacrum (Lair:3)
  8 killer bees (D:9)
  8 wights
  7 centaur zombies
  3 hounds
  3 gnoll shamans
  A jelly (D:5)
  A bullfrog skeleton (D:7)
  4 human zombies
  3 orc priests
  A human skeleton (D:4)
  An iguana (D:6)
  3 orc wizards
  7 hell rats
  A killer bee zombie (D:8)
  A spriggan simulacrum (Lair:3)
  A wolf simulacrum (Lair:3)
  5 mummies
  11 gnolls
  9 adders
  12 river rats
  A shadow imp (D:6)
  3 white imps
  2 worms (D:3)
  2 dart slugs
  20 orcs
  15 bats
  8 endoplasms
  7 giant cockroaches
  12 goblins
  4 hobgoblins
  3 quokkas
  17 ball pythons
  5 frilled lizards
  A goblin zombie (Ossuary)
  A hobgoblin zombie (Ossuary)
  21 kobolds
  A kobold zombie (Ossuary)
  An orc skeleton (D:4)
  29 rats
479 creatures vanquished.

Vanquished Creatures (collateral kills)
  3 hell rats (Lair:1)
3 creatures vanquished.

Vanquished Creatures (others)
  A cane toad (Lair:6)
  19 fungi
  22 plants
  12 withered plants
54 creatures vanquished.

Grand Total: 536 creatures vanquished

Notes
Turn   | Place    | Note
-------+----------+-------------------------------------------
     0 | D:1      | RatsInWalls the Troll Fighter began the quest for the Orb.
     0 | D:1      | Reached XP level 1. HP: 22/22 MP: 0/0
    22 | D:1      | Reached skill level 2 in Maces & Flails
   105 | D:1      | Reached XP level 2. HP: 24/29 MP: 1/1
   544 | D:1      | Reached XP level 3. HP: 34/36 MP: 2/2
   581 | D:1      | Found a faded altar of an unknown god.
  1169 | D:2      | Reached XP level 4. HP: 38/45 MP: 3/3
  1620 | D:3      | Reached skill level 3 in Maces & Flails
  1637 | D:3      | Found a burning altar of Makhleb.
  2239 | D:4      | Reached XP level 5. HP: 51/53 MP: 4/4
  2252 | D:4      | Found a sand-covered staircase.
  2268 | D:4      | Reached XP level 6. HP: 58/62 MP: 5/5
  2286 | D:4      | Reached skill level 4 in Maces & Flails
  2315 | Ossuary  | Entered an ossuary
  2599 | Ossuary  | Reached XP level 7. HP: 69/71 MP: 6/6
  2989 | D:4      | Found a staircase to the Ecumenical Temple.
  3058 | Temple   | Entered the Ecumenical Temple
  3190 | Temple   | Became a worshipper of Cheibriados the Contemplative
  3266 | D:5      | Entered Level 5 of the Dungeon
  3306 | D:5      | Reached skill level 5 in Maces & Flails
  3364 | D:4      | Reached skill level 5 in Fighting
  3667 | D:5      | Reached XP level 8. HP: 80/81 MP: 7/7
  4356 | D:6      | Found a glowing drain.
  4392 | Sewer    | Entered a sewer
  4402 | Sewer    | Reached * piety under Cheibriados
  4496 | Sewer    | Reached ** piety under Cheibriados
  4499 | Sewer    | Reached skill level 6 in Maces & Flails
  4839 | D:6      | Identified the ring "Addoil" {Fly rPois rC- Will+ rCorr}
  4871 | D:6      | Noticed Sigmund
  4883 | D:6      | Killed Sigmund
  4884 | D:6      | Reached skill level 1 in Invocations
  5139 | D:6      | Reached *** piety under Cheibriados
  5213 | D:6      | Reached XP level 9. HP: 36/92 MP: 9/9
  5218 | D:6      | Reached skill level 7 in Maces & Flails
  5627 | D:7      | Reached skill level 5 in Dodging
  5705 | D:7      | Found a runed translucent gate.
  5705 | D:7      | Found a runed translucent gate.
  5705 | D:7      | Found a runed translucent gate.
  5758 | D:7      | Noticed reversiblehash's ghost (novice GnFi)
  5759 | D:7      | Noticed FallenXxXSky's ghost (novice DsDe)
  6023 | D:7      | Noticed Maggie
  6035 | D:7      | Killed Maggie
  6067 | D:7      | Noticed Menkaure
  6074 | D:7      | Killed Menkaure
  6098 | D:7      | Identified the +5 morningstar "Fiarr" {speed, Str+2}
  6310 | D:8      | Noticed Psyche
  6373 | D:8      | Killed Psyche
  6374 | D:8      | Reached skill level 1 in Armour
  6417 | D:8      | Found Vuhaiptu's Armour Boutique.
  6611 | D:8      | Noticed Maurice
  6642 | D:8      | Reached skill level 8 in Maces & Flails
  6654 | D:8      | Killed Maurice
  6654 | D:8      | Reached **** piety under Cheibriados
  6797 | D:8      | Found a runed translucent gate.
  6798 | D:8      | Found a runed translucent gate.
  6799 | D:8      | Found a runed translucent gate.
  7051 | D:8      | Noticed silky's ghost (novice MiFi)
  7151 | D:9      | Noticed Prince Ribbit
  7161 | D:9      | Killed Prince Ribbit
  7162 | D:9      | Reached XP level 10. HP: 104/104 MP: 11/11
  7314 | D:9      | Reached ***** piety under Cheibriados
  7585 | D:9      | Reached skill level 9 in Maces & Flails
  7592 | D:9      | Paralysed by a hornet for 2 turns
  7843 | D:10     | Entered Level 10 of the Dungeon
  7937 | D:10     | Noticed a manticore
  8074 | D:10     | Noticed Urug
  8092 | D:10     | Killed Urug
  8160 | D:10     | Reached skill level 5 in Invocations
  8160 | D:10     | Reached XP level 11. HP: 103/115 MP: 13/13
  8210 | D:10     | Found a runed translucent gate.
  8211 | D:10     | Found a runed translucent gate.
  8211 | D:10     | Found a runed translucent gate.
  8213 | D:10     | Noticed smarlow's ghost (journeyman DjCj)
  8324 | D:10     | Found a staircase to the Lair.
  8814 | D:10     | Found a viscous altar of Jiyva.
  8858 | Lair:1   | Entered Level 1 of the Lair of Beasts
  8858 | Lair:1   | You are sucked into a shaft and drop 1 floor!
  8868 | Lair:2   | Reached skill level 10 in Maces & Flails
  9168 | Lair:1   | Noticed a five-headed hydra
  9177 | Lair:1   | Killed a five-headed hydra
  9457 | Lair:1   | Noticed a seven-headed hydra
  9462 | Lair:1   | Killed a seven-headed hydra
 10158 | Lair:2   | Reached skill level 10 in Fighting
 10210 | Lair:2   | Reached ****** piety under Cheibriados
 10313 | Lair:2   | Noticed a five-headed hydra
 10322 | Lair:2   | Killed a five-headed hydra
 10323 | Lair:2   | Reached skill level 11 in Maces & Flails
 10339 | Lair:2   | Reached XP level 12. HP: 96/126 MP: 15/15
 10571 | Lair:2   | Found a hole to the Spider Nest.
 10719 | Lair:2   | Reached skill level 5 in Armour
 11940 | Lair:3   | Noticed a death yak
 11940 | Lair:3   | Noticed a death yak
 11955 | Lair:2   | HP: 3/128 [bog body (21)]
 12135 | Lair:2   | Killed a death yak
 12298 | Lair:3   | Reached skill level 12 in Maces & Flails
 12425 | Lair:3   | Killed a death yak
 12475 | Lair:3   | Found the +4 moon troll leather armour {Spirit, Regen++
                  | MP+5}
 12988 | Lair:4   | Noticed a boulder beetle
 13048 | Lair:4   | Noticed a five-headed hydra
 13057 | Lair:4   | Killed a five-headed hydra
 13133 | Lair:4   | Noticed a seven-headed hydra
 13133 | Lair:4   | Noticed a six-headed hydra
 13138 | Lair:4   | Killed a six-headed hydra
 13139 | Lair:4   | Reached XP level 13. HP: 120/137 MP: 17/17
 13182 | Lair:4   | Found a staircase to the Swamp.
 13754 | Lair:4   | Identified the +4 quarterstaff of Tadif {holy, SInv}
 13848 | Lair:4   | Reached skill level 13 in Maces & Flails
 14449 | Lair:5   | Reached XP level 14. HP: 150/150 MP: 15/19
 14813 | Lair:6   | Entered Level 6 of the Lair of Beasts
 15285 | Lair:6   | Identified the ring "Uhin" {Contam rElec rPois Int+6}
 15296 | Lair:6   | Identified the ring of Mannugg {Fire rN+ Int+6 Dex-3}
 15796 | Lair:6   | Upgraded the game from 0.28.0-43-g3370ac3207 to
                  | 0.28.0-47-ge53b351184
 15796 | Lair:6   | Quit the game

Illustrated notes

Levels and vault maps discovered:
D:1:      minmay_arrival_split_and_join, layout_loops_ring,
          hellmonk_ecumenical_altar_arch_garden
D:2:      layout_loops_ring
D:3:      layout_rooms, old_standard_altar, grunt_decor_arrowhead,
          minmay_misc_feat_alley
D:4:      layout_rooms, temple_hall, nicolae_ossuary_entry_catacombs
D:5:      layout_cave_pods
D:6:      minmay_diamond_boxcup, layout_rooms, cheibrodos_sewer_entry_drain,
          item_on_display_a, uniq_sigmund
D:7:      layout_gridville, gammafunk_ghost_cemetery, uniq_menkaure, uniq_maggie
D:8:      layout_rooms, gammafunk_ghost_spectres, serial_shops, shop,
          uniq_psyche, uniq_maurice
D:9:      layout_basic, uniq_prince_ribbit1
D:10:     layout_roguey, lair_entry_dummy, gammafunk_ghost_ooze, serial_undead,
          serial_undead_a, serial_undead_e, serial_undead_d, serial_undead_c,
          serial_undead_b, serial_undead_b, serial_undead_d, serial_undead_b,
          uniq_urug
Temple:   mainiacjoe_temple_starburst
Lair:1:   layout_regular_city
Lair:2:   kb_forest_paths, layout_cave_pods, spider_nest_entry_webs
Lair:3:   dreamdust_isle_of_ice, layout_misc_corridors,
          kennysheep_abandoned_house, grunt_megastairs_4
Lair:4:   layout_gridlike, palyth_hydra_swamp_entry
Lair:5:   layout_loops_ring, minivault_23, grunt_megastairs_3, lemuel_fruit_tree
Lair:6:   gammafunk_lair_ancient_temple, layout_misc_corridors,
          minmay_slime_entry_oklob_enclosed

Skill      XL: |  1  2  3  4  5  6  7  8  9 10 11 12 13 |
---------------+----------------------------------------+-----
Maces & Flails | 2 3 4 5 6 8 9 11 12 13 | 13.9
Fighting       | 3 4 5 6 7 9 10 11 12 | 12.9
Dodging        | 3 4 5 |  5.4
Invocations    | 2 3 5 6 7 8 |  8.9
Armour         | 1 3 4 6 7 |  7.5
Shields        | |  2.4

Action                   |  1- 3 |  4- 6 |  7- 9 | 10-12 | 13-15 || total
-------------------------+-------+-------+-------+-------+-------++-------
Melee: Flail             |   160 |   233 |   406 |   191 |       ||   990
       Giant club        |       |       |       |   386 |   315 ||   701
       Unarmed           |       |       |       |     3 |       ||     3
Throw: Dart              |       |       |     2 |     3 |     1 ||     6
       Javelin           |       |       |       |    16 |       ||    16
Invok: Bend Time         |       |       |       |     3 |       ||     3
       Step From Time    |       |       |       |     1 |       ||     1
       Slouch            |       |       |       |       |     1 ||     1
Evoke: Wand              |       |       |    24 |     9 |     2 ||    35
  Use: Scroll            |       |     3 |    14 |    11 |     1 ||    29
       Potion            |       |       |     1 |     8 |       ||     9
 Stab: Distracted        |       |     1 |       |     2 |       ||     3
       Sleeping          |       |       |       |     1 |       ||     1
Armor: Robe              |    83 |    77 |    76 |       |       ||   236
       Steam dragon scal |       |       |    31 |   164 |       ||   195
       Troll leather arm |       |       |       |    12 |   113 ||   125
Dodge: Dodged            |    95 |    91 |   259 |   543 |   240 ||  1228
Block: Kite shield       |    79 |    72 |   184 |   117 |       ||   452
